 Dungeon Crawl Stone Soup version 0.31.0-11-ge490571c62 (webtiles) character file.

Game seed: 7400540697809129248

706 qw the Skirmisher (level 7, -1/40 HPs)
             Began as a Deep Elf Hunter on Feb 3, 2024.
             Slain by a gnoll
             ... wielding a +0 halberd
             ... led by a gnoll bouda
              (8 damage)
             ... on level 5 of the Dungeon.
             The game lasted 00:00:17 (3395 turns).

qw the Skirmisher (Deep Elf Hunter)                 Turns: 3395, Time: 00:00:18

Health: -1/40      AC:  6    Str: 10    XL:     7   Next: 39%
Magic:  9/9        EV: 11    Int: 14    God:
Gold:   209        SH:  0    Dex: 18    Spells: 6/6 levels left

rFire   . . .        a - +0 shortbow (elec)
rCold   . . .        (shield currently unavailable)
rNeg    . . .        d - +0 ring mail
rPois   .            e - +0 helmet
rElec   .            (no cloak)
rCorr   .            (no gloves)
SInv    .            (no boots)
Will    .....        (no amulet)
Stlth   +            (no ring)
HPRegen 0.26/turn    (no ring)
MPRegen 0.11/turn

%: no passive effects
@: weakened
A: no striking features
a: no special abilities


You were on level 5 of the Dungeon.
You visited 2 branches of the dungeon, and saw 6 of its levels.

You collected 254 gold pieces.
You spent 45 gold pieces at shops.


   Skills:
 - Level 2.0 Fighting
 + Level 11.3 Ranged Weapons
 - Level 1.0 Armour
 - Level 3.0 Dodging
 - Level 1.2 Stealth


You had 6 spell levels left.
You didn't know any spells.
Your spell library was empty.

Inventory:

Hand Weapons
 a - a +0 shortbow of electrocution (weapon)
Armour
 d - a +0 ring mail (worn)
 e - a +0 helmet (worn)
Wands
 i - a wand of flame (25)
Scrolls
 g - a scroll of torment {unknown}
 j - a scroll of identify
 k - a scroll of teleportation {unknown}
Potions
 b - a potion of resistance {unknown}
 c - 2 potions of curing
 f - a potion of degeneration {unknown}
 h - a potion of invisibility {unknown}

Dungeon Overview and Level Annotations

Branches:
Dungeon (5/15)             Temple (1/1) D:4

Altars:
Ashenzari
Cheibriados
Dithmenos
Elyvilon
Fedhas
Gozag
Hepliaklqana
Kikubaaqudgha
Makhleb
Qazlal
Ru
Sif Muna
Trog
Uskayaw
Xom
Yredelemnul
Zin

Shops:
D:1 :   D:2 [

Annotations:
D:4 2 transporters, qw's ghost, amateur DEHu


Message History

Enter note:
3388 ||| RETREEEEATING.
The gnoll attacks as it pursues you! The gnoll hits you with a +0 flail!
Enter note:
Enter note:
Enter note:
Enter note:
Enter note:
3389 ||| RETREEEEATING.
The gnoll attacks as it pursues you! The gnoll hits you with a +0 flail.
There is an open door here.
Enter note:
Enter note:
Enter note:
Enter note:
Enter note:
3390 ||| RETREEEEATING.
The gnoll attacks as it pursues you! The gnoll hits you with a +0 flail.
You shoot an arrow. The arrow hits the gnoll!
Lightning courses through the gnoll!
You kill the gnoll!
You shoot an arrow. The arrow hits the gnoll.
The gnoll is moderately wounded.
The gnoll hits you with a +0 flail.
The gnoll bouda gazes fiercely through you!
You feel as though you will be weak longer.
You shoot an arrow. The arrow barely misses the gnoll.
The gnoll closely misses you.
The gnoll hits you from afar with a +0 halberd.
You shoot an arrow. The arrow barely misses the gnoll.
The gnoll hits you with a +0 flail! The gnoll hits you but does no damage.
Enter note:
Enter note:
Enter note:
Enter note:
Enter note:
3395 ||| RETREEEEATING.
The gnoll attacks as it pursues you!
The gnoll hits you from afar with a +0 halberd!
You die...

... #.....#......#....#....#
... #.....#......#....#....#
.... +.....#......#....#....#
.....#.....#(.....#....'....#
....?##...##......#'##.#....##
......#...###+#......#.###....
......g.gg.g).'......#...#....
.....#....#g.#......#...#....
.... ##..###@#.....<#####....
+# ######.##+#............
#.........+............
#.........#............
#.........#............
#.........#...........#
##################......%)...#
..........###....##.....##'###
..........#.......#.>...+...#.


You could see 2 gnolls.

Vanquished Creatures
  A black bear (D:5)
  An ice beast (D:5)
  A scorpion (D:3)
  A bombardier beetle (D:4)
  2 hounds
  An orc priest (D:4)
  A sleepcap (D:5)
  Jessica (D:3)
  2 iguanas (D:5)
  2 orc wizards (D:4)
  5 gnolls
  6 adders
  A dart slug (D:3)
  2 ribbon worms
  5 orcs
  6 endoplasms
  4 giant cockroaches
  7 goblins
  8 hobgoblins
  3 jackals (D:2)
  10 kobolds
  2 quokkas
  10 ball pythons
  2 bats
  9 rats
93 creatures vanquished.

Notes
Turn   | Place    | Note
-------+----------+-------------------------------------------
     0 | D:1      | qw the Deep Elf Hunter began the quest for the Orb.
     0 | D:1      | Reached XP level 1. HP: 12/12 MP: 3/3
     0 | D:1      | 0 ||| qw: Version: 0.3-a-157-g843a77d
     0 | D:1      | 0 ||| qw: Game counter: 3781
     0 | D:1      | 0 ||| qw: Melee chars always use a shield: true
     0 | D:1      | 0 ||| qw: God list: Okawaru
     0 | D:1      | 0 ||| qw: Allow faded altars: false
     0 | D:1      | 0 ||| qw: Do Orc after clearing Dungeon:15 true
     0 | D:1      | 0 ||| qw: Do second Lair branch before Depths: true
     0 | D:1      | 0 ||| qw: Lair rune preference: random
     0 | D:1      | 0 ||| qw: Goals: Normal
     0 | D:1      | 0 ||| PLANNING D:1-11
   254 | D:1      | You fall into a shaft and drop 1 floor!
   257 | D:2      | Found an ancient bone altar of Kikubaaqudgha.
   261 | D:2      | Reached XP level 2. HP: 16/16 MP: 4/4
   269 | D:2      | Reached skill level 6 in Ranged Weapons
   276 | D:2      | HP: 4/16 [poisoned by an adder]
   413 | D:2      | 413 ||| UPGRADING to +0 ring mail.
   423 | D:2      | 423 ||| DROPPING +0 leather armour.
   424 | D:2      | 424 ||| READING scroll labelled BEACWUUNUO.
   525 | D:2      | 525 ||| DROPPING scroll of butterflies.
   530 | D:2      | 530 ||| FLEEEEING.
   531 | D:2      | 531 ||| FLEEEEING.
   567 | D:1      | Reached XP level 3. HP: 20/20 MP: 5/5
   692 | D:1      | Found Nusujoerch's Book Shoppe.
  1258 | D:2      | Reached skill level 7 in Ranged Weapons
  1278 | D:2      | Found Zuigo Waygh's Armour Shoppe.
  1288 | D:2      | 1288 ||| BUYING +0 helmet (45 gold).
  1288 | D:2      | Bought a +0 helmet for 45 gold pieces
  1288 | D:2      | 1288 ||| SHOPLISTING +0 pair of gloves (45 gold, have 30).
  1288 | D:2      | 1288 ||| SHOPLISTING +1 pair of boots "Cunasa" {rElec MP+9
                  | Dex+3} (487 gold, have 30).
  1590 | D:2      | 1590 ||| UPGRADING to +0 helmet.
  1595 | D:2      | 1595 ||| DROPPING +6 ring of intelligence.
  1848 | D:3      | Noticed a scorpion
  1854 | D:3      | Killed a scorpion
  1855 | D:3      | Reached skill level 8 in Ranged Weapons
  1855 | D:3      | Reached XP level 4. HP: 25/25 MP: 6/6
  1947 | D:3      | Reached XP level 5. HP: 25/29 MP: 7/7
  1966 | D:3      | Noticed Jessica
  1969 | D:3      | Killed Jessica
  2192 | D:3      | 2192 ||| READING scroll labelled VESOWITHROE.
  2192 | D:3      | 2192 ||| IDENTIFYING sedimented green potion
  2193 | D:3      | 2193 ||| READING scroll labelled ZIUSUA KISYN.
  2194 | D:3      | 2194 ||| READING scroll labelled CYUROASKOG.
  2194 | D:3      | 2194 ||| BRANDING +0 shortbow.
  2195 | D:3      | 2195 ||| READING scroll labelled MOZUCO VERRU.
  2196 | D:3      | 2196 ||| DROPPING potion of lignification.
  2263 | D:4      | Reached skill level 9 in Ranged Weapons
  2268 | D:4      | Reached XP level 6. HP: 33/35 MP: 8/8
  2350 | D:4      | Found a sacrificial altar of Ru.
  2521 | D:4      | Found a hazy altar of Hepliaklqana.
  2747 | D:4      | Found a staircase to the Ecumenical Temple.
  2748 | D:4      | 2748 ||| PLANNING TEMPLE
  2748 | D:4      | 2748 ||| READING scroll labelled SOEPROR DOL.
  2749 | D:4      | 2749 ||| DRINKING 2 brown potions.
  2757 | Temple   | Entered the Ecumenical Temple
  2758 | Temple   | 2758 ||| PLANNING D:1-11
  2786 | D:4      | Noticed qw's ghost (amateur DEHu)
  2787 | D:4      | Found a transporter.
  2855 | D:4      | Found a transporter.
  2904 | D:5      | Entered Level 5 of the Dungeon
  2908 | D:5      | Reached skill level 10 in Ranged Weapons
  2918 | D:5      | 2918 ||| STAIRDANCE
  2940 | D:5      | 2940 ||| STAIRDANCE
  2964 | D:5      | 2964 ||| STAIRDANCE
  2997 | D:5      | Reached skill level 3 in Dodging
  3031 | D:5      | Reached skill level 1 in Armour
  3083 | D:5      | Noticed an ice beast
  3089 | D:5      | Killed an ice beast
  3090 | D:5      | Reached XP level 7. HP: 40/40 MP: 9/9
  3124 | D:5      | Reached skill level 11 in Ranged Weapons
  3386 | D:5      | 3386 ||| RETREEEEATING.
  3387 | D:5      | 3387 ||| RETREEEEATING.
  3388 | D:5      | 3388 ||| RETREEEEATING.
  3389 | D:5      | 3389 ||| RETREEEEATING.
  3390 | D:5      | 3390 ||| RETREEEEATING.
  3394 | D:5      | HP: 7/40 [gnoll/+0 flail[a gnoll bouda] (8)]
  3395 | D:5      | 3395 ||| RETREEEEATING.
  3395 | D:5      | Slain by a gnoll

Levels and vault maps discovered:
D:1:      nagdon_arrival_zigzag_paths, layout_basic, serial_shops,
          nicolae_shop_just_a_little_nook
D:2:      layout_rooms, basic_altar, serial_shops, nicolae_shop_waterfront
D:3:      layout_loops_ring, kennysheep_jessica_study
D:4:      layout_gridville, nicolae_ru_awakened_eye,
          nicolae_hepliaklqana_hippocampus, temple_statues,
          gammafunk_ghost_smash, serial_park_tiny_1,
          hangedman_abyss_or_decor_stagger
D:5:      layout_gridville, nemelex_spade_bored_becter
Temple:   minmay_freezing_vapour_temple

Skill      XL: |  1  2  3  4  5  6  7 |
---------------+----------------------+-----
Ranged Weapons | 6 8 9 10 11 | 11.3
Fighting       | 2 |  2.0
Dodging        | 3 |  3.0
Armour         | 1 |  1.0
Stealth        | |  1.2

Action                     |  1- 3 |  4- 6 |  7- 9 || total
---------------------------+-------+-------+-------++-------
   Fire: Shortbow          |   104 |   123 |    22 ||   249
    Use: Scroll            |     1 |     5 |       ||     6
         Potion            |       |     1 |       ||     1
 Armour: Leather armour    |     8 |       |       ||     8
         Ring mail         |    11 |    19 |    16 ||    46
  Dodge: Dodged            |    19 |    22 |     5 ||    46

Table legend:
 A = Non-vault XP
 B = Vault XP
 C = Vault XP percentage of total XP
 D = Non-vault monster count
 E = Vault monster count
 F = Vault count percentage of total count
                 A         B        C        D         E       F
            +---------+---------+-------+---------+---------+-------
      Total |     970 |      39 |   3.9 |      91 |       2 |   2.2
            +---------+---------+-------+---------+---------+-------
        D:1 |      18 |       0 |   0.0 |      12 |       0 |   0.0
        D:2 |      70 |       0 |   0.0 |      28 |       0 |   0.0
        D:3 |     113 |      39 |  25.7 |      14 |       2 |  12.5
        D:4 |     292 |       0 |   0.0 |      24 |       0 |   0.0
        D:5 |     477 |       0 |   0.0 |      13 |       0 |   0.0
            +---------+---------+-------+---------+---------+-------
